 Dungeon Crawl Stone Soup version 0.23.2-40-g277498a001 (webtiles) character file.

Game seed: 9046550270015681747

51296 Kostasan the Severer (level 14, -7/132 HPs)
             Began as a Minotaur Berserker on Sept 28, 2019.
             Was the Champion of Trog.
             Splashed by an acid blob's acid (13 damage)
             ... on level 5 of the Lair of Beasts.
             The game lasted 01:39:52 (12656 turns).

Kostasan the Severer (Minotaur Berserker)          Turns: 12656, Time: 01:39:53

Health: -7/132     AC:  3    Str: 28    XL:     14   Next: 22%
Magic:  13/13      EV: 12    Int:  5    God:    Trog [******]
Gold:   877        SH:  0    Dex: 15    Spells: 13/13 levels left

rFire    . . .     SeeInvis .   w - +7 battleaxe of Gluttony {freeze, rPois MR++ Dex+5}
rCold    + . .     Gourm    .   (shield currently unavailable)
rNeg     + . .     Faith    .   x - +1 plate armour {rC+}
rPois    +         Spirit   .   (helmet restricted)
rElec    .         Reflect  .   C - scarf {cloud immunity}
rCorr    .         Harm     .   q - +1 pair of gloves {archery}
MR       +++..                  z - +1 pair of boots
Stlth    ..........             o - amulet of regeneration
HPRegen  0.72/turn              n - ring of positive energy
MPRegen  0.13/turn              g - +1 ring of protection

@: corroded, hasted, very quick
A: retaliatory headbutt, horns 2, poison resistance, strong 1
a: Berserk, Trog's Hand, Brothers in Arms, Renounce Religion


You were on level 5 of the Lair of Beasts.
You worshipped Trog.
Trog was exalted by your worship.
You were hungry.

You visited 3 branches of the dungeon, and saw 17 of its levels.

You collected 913 gold pieces.
You spent 36 gold pieces at shops.

Inventory:

Hand Weapons
 w - the +7 battleaxe of Gluttony (weapon) {freeze, rPois MR++ Dex+5}
   (Trog gifted it to you on level 8 of the Dungeon)

   It has been specially enchanted to freeze those struck by it, causing extra
   injury to most foes and up to half again as much damage against particularly
   susceptible opponents.
   It can also slow down cold-blooded creatures.
   It affects your dexterity (+5).
   It protects you from poison.
   It affects your resistance to hostile enchantments.
 M - a +3 antimagic executioner's axe
 W - a +5 executioner's axe of flaming
Missiles
 a - 7 javelins
 B - 3 poisoned tomahawks (quivered)
Armour
 q - a +1 pair of gloves of archery (worn)
 x - a +1 plate armour of cold resistance (worn)
 z - a +1 pair of boots (worn)
 C - a scarf of cloud immunity (worn)
Jewellery
 g - a +1 ring of protection (right hand)
 n - a ring of positive energy (left hand)
 o - an amulet of regeneration (around neck)
 r - an uncursed ring of see invisible
 N - an uncursed ring of fire {unknown}
Wands
 p - a wand of random effects (34)
 u - a wand of polymorph (3)
 A - a wand of acid (19)
 F - a wand of paralysis (6)
 O - a wand of flame (17)
Scrolls
 i - 12 scrolls of teleportation
 l - 5 scrolls of immolation
 m - 6 scrolls of remove curse
 s - a scroll of fog
 y - a scroll of noise
 E - a scroll of enchant weapon
 H - a scroll of holy word
 J - 3 scrolls of magic mapping {unknown}
 P - a scroll of blinking
Potions
 b - 3 potions of resistance
 d - a potion of heal wounds
 e - 3 potions of haste
 f - 2 potions of invisibility
 h - 2 potions of flight
 j - 10 potions of curing
 k - 3 potions of agility {unknown}
 t - a potion of magic
 D - a potion of ambrosia
 G - a potion of might {unknown}
 I - 2 potions of degeneration {unknown}
 K - a potion of brilliance
 L - a potion of lignification {unknown}
Comestibles
 c - 30 rations


   Skills:
 + Level 14.1 Fighting
 - Level 20.0 Axes
 + Level 13.8 Armour
 - Level 6.4 Dodging


You had 13 spell levels left.
You didn't know any spells.
Your spell library was empty.

Dungeon Overview and Level Annotations

Branches:
Dungeon (11/15)            Temple (1/1) D:6            Lair (6/6) D:11
  Swamp (0/4) Lair:2        Slime (0/5) Lair:5
  Snake: Lair:2-4    Spider: Lair:2-4       Orc: D:9-12

Altars:
Ashenzari
Cheibriados
Dithmenos
Elyvilon
Fedhas
Gozag
Hepliaklqana
Kikubaaqudgha
Makhleb
Nemelex Xobeh
Okawaru
Qazlal
Ru
Sif Muna
Trog
Uskayaw
Vehumet
Wu Jian
Xom
Yredelemnul
Zin
The Shining One
Jiyva

Shops:
D:6 *

Portals:
Ossuary: D:7


Innate Abilities, Weirdness & Mutations

You reflexively headbutt those who attack you in melee.
You have a pair of horns on your head.
Your system is resistant to poisons. (rPois)
Your muscles are strong. (Str +2)


Message History

You slice the acid blob!! You freeze the acid blob.
Your hands burn!
The acid blob is moderately wounded.
The acid blob spits acid at you. The splash of acid hits you!
The acid corrodes you!
You are splashed with acid!
* * * LOW HITPOINT WARNING * * *
You feel yourself speed up. The acid blob spits acid at you.
The splash of acid hits you!
* * * LOW HITPOINT WARNING * * *
The acid corrodes you!
You are splashed with acid!
* * * LOW HITPOINT WARNING * * *
You feel much better. The acid blob hits you.
* * * LOW HITPOINT WARNING * * *
You are splashed with acid!
* * * LOW HITPOINT WARNING * * *
The acid blob spits acid at you. The splash of acid hits you.
* * * LOW HITPOINT WARNING * * *
You are splashed with acid!
You die...

##.....##.........#####.##.....#.
#......#.#..P....P.##P#..........
##.................#.............
#................................
##..(................##...†......
###....P...........#.####....#.#.
#......##............# #..†..##
###..###..........#######....##
#PP....#........@.#...##.....#
.......P..........J_.>###....#
..................#...####...##
..................######......#
........#............##.#........
#........#..#...)................
#.......##.P..#............#####.
##.........................# .
#.#....#...#.......###....## ##


You could see an acid blob.

Vanquished Creatures
  An acid blob (Lair:5)
  7 hydras
  3 two-headed ogres
  12 death yaks (Lair:6)
  An unseen horror (D:11)
  An oklob plant (D:11)
  An ugly thing (D:8)
  A manticore (D:11)
  6 elephants (Lair:2)
  2 torpor snails
  9 komodo dragons
  6 spiny frogs
  A kobold demonologist (D:11)
  A queen bee (D:11)
  A tyrant leech (Lair:2)
  9 polar bears (Lair:6)
  2 trolls
  A hornet (D:9)
  12 blink frogs
  10 hippogriffs
  4 dream sheep (Lair:6)
  2 wyverns
  28 yaks
  6 wargs (Lair:6)
  A swamp worm (Lair:2)
  15 hell hounds (Lair:6)
  9 water moccasins
  4 porcupines (Lair:2)
  2 ice beasts
  4 orc warriors
  3 sky beasts
  2 necrophages
  30 wolves
  14 black bears
  3 ogres
  3 phantoms
  7 centaurs
  9 crocodiles
  6 big kobolds
  11 bullfrogs
  A wyvern zombie (D:6)
  A wyvern skeleton (D:11)
  6 scorpions
  21 killer bees
  8 wights
  A centaur zombie (D:8)
  5 howler monkeys
  4 crimson imps
  2 bullfrog zombies
  7 hounds
  2 jellies
  9 orc priests
  A bullfrog skeleton (D:6)
  3 centaur skeletons
  3 iguanas
  10 orc wizards
  8 worker ants
  A killer bee zombie (D:8)
  A hound zombie (D:5)
  2 hound skeletons (D:5)
  2 mummies (D:9)
  A worker ant zombie (D:6)
  8 adders
  4 gnolls (D:6)
  An ooze (D:5)
  An adder zombie (D:8)
  2 adder skeletons (D:4)
  3 worms
  A dart slug (D:3)
  5 leopard geckos
  60 orcs
  2 ball pythons (D:6)
  7 bats
  5 giant cockroaches
  7 goblins
  6 hobgoblins
  20 jackals
  4 quokkas
  5 frilled lizards
  32 kobolds
  A leopard gecko skeleton (D:4)
  A quokka skeleton (D:4)
  A quokka zombie (D:9)
  9 rats
  4 rat zombies (D:9)
  7 fungi
  13 plants
558 creatures vanquished.

Vanquished Creatures (others)
  An ogre (D:7)
  A centaur (D:7)
  A bullfrog (D:8)
  A hound skeleton (D:7)
  4 fungi
  8 plants (Lair:6)
16 creatures vanquished.

Grand Total: 574 creatures vanquished

Notes
Turn   | Place    | Note
-------+----------+-------------------------------------------
     0 | D:1      | Kostasan the Minotaur Berserker began the quest for the
                  | Orb.
     0 | D:1      | Reached XP level 1. HP: 19/19 MP: 0/0
   301 | D:1      | Reached skill level 4 in Axes
   313 | D:1      | Reached XP level 2. HP: 26/27 MP: 1/1
   889 | D:1      | Reached XP level 3. HP: 33/33 MP: 2/2
   910 | D:2      | Reached ** piety under Trog
  1590 | D:3      | Reached XP level 4. HP: 40/40 MP: 3/3
  1594 | D:3      | Reached skill level 5 in Axes
  1686 | D:3      | Reached XP level 5. HP: 47/47 MP: 4/4
  1715 | D:3      | Noticed an orc warrior
  1734 | D:3      | Killed an orc warrior
  1734 | D:3      | Reached skill level 5 in Fighting
  1734 | D:3      | Reached skill level 6 in Axes
  2249 | D:4      | Reached XP level 6. HP: 56/56 MP: 5/5
  2370 | D:4      | Reached *** piety under Trog
  2492 | D:4      | Found a stormy altar of Qazlal.
  2521 | D:4      | Reached skill level 7 in Axes
  2809 | D:4      | Reached skill level 5 in Armour
  2809 | D:4      | Reached XP level 7. HP: 45/62 MP: 6/6
  2925 | D:4      | Found a deep blue altar of Sif Muna.
  3077 | D:5      | Entered Level 5 of the Dungeon
  3168 | D:5      | Reached skill level 8 in Axes
  3330 | D:5      | Reached skill level 9 in Axes
  3619 | D:5      | Noticed a moth of wrath
  3622 | D:5      | Found a bloodstained altar of Trog.
  3633 | D:5      | Reached XP level 8. HP: 70/70 MP: 7/7
  3760 | D:5      | Reached skill level 10 in Axes
  4067 | D:6      | Reached **** piety under Trog
  4134 | D:6      | Found Lisagul's Serpentskin Sales.
  4144 | D:6      | Reached skill level 11 in Axes
  4201 | D:6      | Bought 3 poisoned tomahawks for 36 gold pieces
  4440 | D:6      | Reached skill level 12 in Axes
  4440 | D:6      | Identified the cursed +0 robe of Ybaafed {Int+2 Stlth+}
  4687 | D:6      | Found a staircase to the Ecumenical Temple.
  4694 | Temple   | Entered the Ecumenical Temple
  4976 | D:6      | Found an ornate altar of the Wu Jian Council.
  5247 | D:6      | Gained mutation: You are robust. (+10% HP) [potion of
                  | mutation]
  5247 | D:6      | Gained mutation: Your spells are a little harder to cast,
                  | but a little more powerful. [potion of mutation]
  5247 | D:6      | Gained mutation: You have sharp toenails. [potion of
                  | mutation]
  5248 | D:6      | Lost mutation: You have sharp toenails. [potion of
                  | mutation]
  5248 | D:6      | Lost mutation: Your spells are a little harder to cast, but
                  | a little more powerful. [potion of mutation]
  5248 | D:6      | Lost mutation: You are robust. (+10% HP) [potion of
                  | mutation]
  5248 | D:6      | Gained mutation: Your system is resistant to poisons.
                  | (rPois) [potion of mutation]
  5248 | D:6      | Gained mutation: Your muscles are strong. (Str +2) [potion
                  | of mutation]
  5430 | D:7      | Reached XP level 9. HP: 75/75 MP: 8/8
  5485 | D:7      | Reached skill level 13 in Axes
  5523 | D:7      | Noticed a +0 dagger
  5524 | D:7      | Noticed a +0 dagger
  5525 | D:7      | Found a hide-covered altar of Uskayaw.
  5602 | D:7      | Found a shimmering altar of Xom.
  5768 | D:7      | Reached ***** piety under Trog
  6027 | D:7      | Found a blossoming altar of Fedhas.
  6050 | D:7      | Found a sand-covered staircase.
  6069 | D:8      | Found an ornate altar of the Wu Jian Council.
  6185 | D:8      | Reached skill level 14 in Axes
  6247 | D:8      | Got a brightly glowing hand axe
  6251 | D:8      | Identified the +7 hand axe of Salt {speed, *Slow rF+ Dex+2
                  | SInv} (You found it on level 8 of the Dungeon)
  6309 | D:8      | Noticed a troll
  6343 | D:8      | Killed a troll
  6406 | D:8      | Reached XP level 10. HP: 86/86 MP: 9/9
  6480 | D:8      | Noticed a cyan ugly thing
  6492 | D:8      | Killed a cyan ugly thing
  6514 | D:8      | Noticed a two-headed ogre
  6521 | D:8      | Killed a two-headed ogre
  6521 | D:8      | Reached skill level 5 in Dodging
  6529 | D:8      | Received a gift from Trog
  6532 | D:8      | Got a transparent battleaxe {god gift}
  6539 | D:8      | Identified the +7 battleaxe of Gluttony {freeze, rPois MR++
                  | Dex+5} (Trog gifted it to you on level 8 of the Dungeon)
  6909 | D:9      | Found a hazy altar of Hepliaklqana.
  7046 | D:9      | Reached skill level 15 in Axes
  7195 | D:9      | Found an ancient bone altar of Kikubaaqudgha.
  7264 | D:9      | Found a shadowy altar of Dithmenos.
  7371 | D:9      | Found a stormy altar of Qazlal.
  7495 | D:10     | Entered Level 10 of the Dungeon
  8197 | D:11     | Noticed a manticore
  8204 | D:11     | Killed a manticore
  8235 | D:11     | Reached XP level 11. HP: 73/95 MP: 10/10
  8305 | D:11     | Noticed a two-headed ogre
  8313 | D:11     | Killed a two-headed ogre
  8364 | D:11     | Noticed an oklob plant
  8440 | D:11     | Found a staircase to the Lair.
  8479 | D:11     | Killed an oklob plant
  8628 | D:11     | Noticed a two-headed ogre
  8637 | D:11     | Killed a two-headed ogre
  8642 | D:11     | Reached skill level 16 in Axes
  8650 | D:11     | Received a gift from Trog
  8695 | D:11     | Killed an unseen horror
  9005 | D:11     | Reached skill level 10 in Fighting
  9075 | D:11     | Noticed a soul eater
  9247 | Lair:1   | Entered Level 1 of the Lair of Beasts
  9436 | Lair:1   | Noticed a five-headed hydra
  9447 | Lair:1   | Killed a five-headed hydra
  9475 | Lair:1   | Reached skill level 10 in Armour
  9544 | Lair:1   | Reached XP level 12. HP: 100/107 MP: 11/11
  9559 | Lair:1   | Reached skill level 17 in Axes
  9582 | Lair:1   | Got a slimy ring mail
  9640 | Lair:1   | Identified the +1 ring mail of Yjiruck {rPois rC- rN++
                  | Regen+} (You found it on level 1 of the Lair of Beasts)
 10297 | Lair:2   | Received a gift from Trog
 10341 | Lair:2   | Found a dark tunnel.
 10476 | Lair:2   | Noticed a four-headed hydra
 10492 | Lair:2   | Killed a five-headed hydra
 10677 | Lair:2   | Noticed a seven-headed hydra
 10686 | Lair:2   | Killed a seven-headed hydra
 10686 | Lair:2   | Reached skill level 18 in Axes
 10778 | Lair:2   | Found a staircase to the Swamp.
 11159 | Lair:2   | Identified a scroll of acquirement
 11342 | Lair:3   | Noticed a four-headed hydra
 11356 | Lair:3   | Killed a one-headed hydra
 11356 | Lair:3   | Reached XP level 13. HP: 118/118 MP: 12/12
 11529 | Lair:3   | You fall through a shaft for 3 floors!
 11529 | Lair:6   | Entered Level 6 of the Lair of Beasts
 11554 | Lair:6   | Reached skill level 19 in Axes
 11653 | Lair:6   | Received a gift from Trog
 11947 | Lair:6   | Reached skill level 20 in Axes
 12010 | Lair:6   | Reached XP level 14. HP: 117/129 MP: 13/13
 12477 | Lair:5   | Reached ****** piety under Trog
 12601 | Lair:5   | Found a runed translucent door.
 12643 | Lair:5   | Found a viscous altar of Jiyva.
 12643 | Lair:5   | Found a staircase to the Slime Pits.
 12643 | Lair:5   | Noticed an acid blob
 12643 | Lair:5   | Noticed an acid blob
 12650 | Lair:5   | Killed an acid blob
 12654 | Lair:5   | HP: 4/132 [acid (11)]
 12656 | Lair:5   | Splashed by an acid blob's acid

Skill      XL: |  1  2  3  4  5  6  7  8  9 10 11 12 13 14 |
---------------+-------------------------------------------+-----
Axes           | 4 5 6 7 9 12 14 15 16 18 20 | 20.0
Fighting       | 4 5 7 8 10 12 13 14 | 14.1
Armour         | 3 4 5 6 8 10 11 13 | 13.8
Dodging        | 4 6 |  6.4

Action                   |  1- 3 |  4- 6 |  7- 9 | 10-12 | 13-15 || total
-------------------------+-------+-------+-------+-------+-------++-------
Melee: Hand axe          |    80 |   125 |   427 |    59 |       ||   691
       Headbutt          |     7 |    26 |    90 |   105 |    57 ||   285
       Battleaxe         |       |       |       |   355 |   172 ||   527
       Short sword       |       |       |       |    29 |       ||    29
       Executioner's axe |       |       |       |    11 |    51 ||    62
Throw: Stone             |       |    46 |    13 |       |       ||    59
       Tomahawk          |       |       |     9 |     7 |       ||    16
       Javelin           |       |       |       |     1 |       ||     1
Invok: Berserk           |       |     2 |     3 |     5 |     2 ||    12
       Trog's Hand       |       |     1 |       |       |       ||     1
  Use: Scroll            |       |     6 |     8 |    11 |       ||    25
       Potion            |       |       |     2 |       |     2 ||     4
  Eat: Chunk             |     1 |     7 |    12 |    17 |     5 ||    42
       Ration            |       |       |     1 |     1 |       ||     2
Armor: Ring mail         |    28 |    17 |       |       |       ||    45
       Animal skin       |     3 |       |       |       |       ||     3
       Plate armour      |       |    12 |   122 |   309 |   142 ||   585
       Leather armour    |       |     3 |    18 |       |       ||    21
Dodge: Dodged            |    53 |    55 |    88 |   252 |   153 ||   601
Block: Buckler           |       |       |    27 |       |       ||    27
       Large shield      |       |       |    63 |    26 |       ||    89
